 Dungeon Crawl Stone Soup version 0.21.1-1-g345015f (webtiles) character file.

113 glosham the Magician (level 4, -3/30 HPs)
             Began as a Mummy Earth Elementalist on Apr 18, 2018.
             Slain by Sigmund
             ... wielding a +0 scythe
              (9 damage)
             ... on level 3 of the Dungeon.
             The game lasted 00:38:18 (1730 turns).

glosham the Magician (Mummy Earth Elementalist)     Turns: 1730, Time: 00:38:18

Health: -3/30      AC:  2    Str: 11    XL:     4   Next: 65%
Magic:  6/12       EV: 12    Int: 15    God:
Gold:   155        SH:  0    Dex: 12    Spells: 12/15 levels left

rFire    x . .     SeeInvis .   a - +2 hand axe (venom)
rCold    + . .     Gourm    .   (no shield)
rNeg     + + +     Faith    .   X - +0 robe
rPois    ∞         Spirit   .   (no helmet)
rElec    .         Reflect  .   (no cloak)
rCorr    .         Harm     .   (no gloves)
MR       .....                  (no boots)
Stlth    ++........             (no amulet)
HPRegen  0.10/turn              (no ring)
MPRegen  0.13/turn              (no ring)

@: no status effects
A: no food or potions, fire vulnerability, cold resistance 1, negative energy
resistance 3, torment resistance, unbreathing
a: no special abilities


You were on level 3 of the Dungeon.
You were not hungry.

You visited 1 branch of the dungeon, and saw 3 of its levels.

You collected 155 gold pieces.

Inventory:

Hand Weapons
 a - a +2 hand axe of venom (weapon)
Missiles
 b - 53 stones (quivered)
 e - 38 arrows
 g - 17 poisoned needles
Armour
 X - a +0 robe (worn)
Scrolls
 c - a scroll of remove curse
 f - a scroll of identify
 h - 3 scrolls of blinking
 i - a scroll of teleportation
Books
 d - a book of Geomancy

   Spells                             Type                      Level
   a - Sandblast                      Earth                        1
   b - Passwall                       Transmutation/Earth          2
   c - Stone Arrow                    Conjuration/Earth            3
   d - Petrify                        Transmutation/Earth          4
   e - Lee's Rapid Deconstruction     Earth                        5


   Skills:
 - Level 1.5 Dodging
 - Level 1.5 Stealth
 * Level 6.1 Spellcasting
 - Level 0.7 Transmutations
 - Level 2.4 Earth Magic


You had 12 spell levels left.
You knew the following spells:

 Your Spells              Type           Power        Failure   Level  Hunger
p - Passwall              Tmut/Erth      #.........   12%         2    N/A
z - Sandblast             Erth           ##....       5%          1    N/A

Dungeon Overview and Level Annotations

Branches:
Dungeon (3/15)

Altars:
Cheibriados

Annotations:
D:3 Sigmund


Innate Abilities, Weirdness & Mutations

You do not eat or drink.
Your flesh is vulnerable to fire.
You are immune to poison.
Your flesh is cold resistant. (rC+)
You are immune to negative energy. (rN+++)
You are immune to unholy pain and torment.
You can survive without breathing.


Message History

Aiming: Sandblast
Press: ? - help, Shift-Dir - straight line, f - you The blast of sand hits something.
b - 58 stones Something hits you!
Casting: Sandblast
Confirm with . or Enter, or press ? or * to list all spells.
Aiming: Sandblast
Press: ? - help, Shift-Dir - straight line, f - you The blast of sand hits something.
b - 57 stones
Casting: Sandblast
Confirm with . or Enter, or press ? or * to list all spells.
Aiming: Sandblast
Press: ? - help, Shift-Dir - straight line, f - you The blast of sand hits something.
b - 56 stones Something completely misses you.
Casting: Sandblast
Confirm with . or Enter, or press ? or * to list all spells.
Aiming: Sandblast
Press: ? - help, Shift-Dir - straight line, f - you The blast of sand hits something.
b - 55 stones Something hits you!
* * * LOW HITPOINT WARNING * * *
Casting: Sandblast
Confirm with . or Enter, or press ? or * to list all spells.
Aiming: Sandblast
Press: ? - help, Shift-Dir - straight line, f - you The blast of sand hits something.
b - 54 stones
Casting: Sandblast
Confirm with . or Enter, or press ? or * to list all spells.
Aiming: Sandblast
Press: ? - help, Shift-Dir - straight line, f - you The blast of sand hits something.
b - 53 stones Something hits you!
You die...

### ########
######################.# ........
.......@................
.##############################.#
..........[....########### ##..
.###.#######.............# ##...
.# #.# #.#.#########.####.... .#
#†# #.#.# #...#........ .# #.#
#.### ##.##.####.... .# #†# ###
#..##......... .###.##
############..


There were no monsters in sight!

Vanquished Creatures
  3 adders (D:2)
  An ooze (D:1)
  A worm (D:2)
  2 dart slugs (D:3)
  5 leopard geckos
  A ball python (D:1)
  7 giant cockroaches
  5 goblins
  8 hobgoblins
  9 jackals
  8 kobolds
  6 bats
  3 frilled lizards
  7 rats
  6 bushes (D:2)
  3 plants (D:2)
75 creatures vanquished.

Notes
Turn   | Place    | Note
-------+----------+-------------------------------------------
     0 | D:1      | glosham the Mummy Earth Elementalist began the quest for the Orb.
     0 | D:1      | Reached XP level 1. HP: 13/13 MP: 4/4
    55 | D:1      | Reached skill level 3 in Spellcasting
    59 | D:1      | You fall through a shaft!
    97 | D:2      | Reached XP level 2. HP: 17/19 MP: 2/6
   114 | D:2      | Reached skill level 4 in Spellcasting
   204 | D:2      | Learned a level 2 spell: Passwall
   218 | D:2      | Reached XP level 3. HP: 6/24 MP: 1/9
   346 | D:1      | HP: 1/24 [kobold (2)]
   379 | D:1      | HP: 2/24 [rat (1)]
   425 | D:1      | Reached skill level 5 in Spellcasting
   742 | D:1      | Reached XP level 4. HP: 18/30 MP: 11/11
  1491 | D:3      | Reached skill level 6 in Spellcasting
  1599 | D:3      | Found a snail-covered altar of Cheibriados.
  1722 | D:3      | Noticed Sigmund
  1730 | D:3      | Slain by Sigmund

Skill      XL: |  1  2  3  4 |
---------------+-------------+-----
Spellcasting   | 3 4 5 6 |  6.1
Dodging        | |  1.5
Stealth        | |  1.5
Transmutations | |  0.7
Earth Magic    | |  2.4

Action                   |  1- 3 |  4- 6 || total
-------------------------+-------+-------++-------
Melee: Dagger            |    35 |       ||    35
       Short sword       |    28 |       ||    28
       Hand axe          |    26 |   158 ||   184
 Cast: Sandblast         |    24 |     7 ||    31
  Use: Scroll            |     4 |     3 ||     7
 Stab: Sleeping          |     2 |     2 ||     4
Armor: Robe              |    16 |    10 ||    26
Dodge: Dodged            |    72 |    35 ||   107

Table legend:
 A = Turns spent in this place as a percentage of turns spent in the entire game.
 B = Non-inter-level travel turns spent in this place as a percentage of non-inter-level travel turns spent in the entire game.
 C = Inter-level travel turns spent in this place as a percentage of turns spent in this place.
 D = Turns resting spent in this place as a percentage of non-inter-level travel turns spent in this place.
 E = Turns spent auto-exploring this place as a percentage of non-inter-level travel turns spent in this place.
 F = Non-inter-level travel turns spent in this place divided by the number of levels of this place that you've seen.
                   A       B       C       D       E      F
               +-------+-------+-------+-------+-------+----------------------
         Total | 100.0 | 100.0 |  13.1 |   0.3 |   4.2 | 501.3
       Dungeon | 100.0 | 100.0 |  13.1 |   0.3 |   4.2 | 501.3
               +-------+-------+-------+-------+-------+----------------------

Table legend:
 A = Kills in this place as a percentage of kills in entire the game.
 B = Kills by you in this place as a percentage of kills by you in the entire game.
 C = Kills by friends in this place as a percentage of kills by friends in the entire game.
 D = Other kills in this place as a percentage of other kills in the entire game.
 E = Experience gained in this place as a percentage of experience gained in the entire game.
 F = Experience gained in this place divided by the number of levels of this place that you have seen.
                   A       B       C       D       E      F
               +-------+-------+-------+-------+-------+----------------------
         Total | 100.0 | 100.0 |   N/A |   N/A | 100.0 |  54.0
       Dungeon | 100.0 | 100.0 |   N/A |   N/A | 100.0 |  54.0
               +-------+-------+-------+-------+-------+----------------------

Vault maps used:
D:1:      scummos_arrival_forest
D:2:      serial_forest, infiniplex_forest_clump_tiny,
          infiniplex_forest_clump_double, infiniplex_forest_3_way,
          infiniplex_forest_straight_4, infiniplex_forest_straight_3,
          infiniplex_forest_split, kennysheep_generic_room_8
D:3:      tgw_sif, kennysheep_slug_shrine, first_ration, uniq_sigmund
